 Dungeon Crawl Stone Soup version 0.27-a0-380-g150de4c316 (webtiles) character file.

Game seed: 14240365546889262552

190 dracos369 the Digger (level 5, -3/38 HPs)
             Began as a Demigod Earth Elementalist on Feb 17, 2021.
             Killed from afar by an orc wizard (5 damage)
             ... with a magic dart
             ... on level 3 of the Dungeon.
             The game lasted 00:04:56 (2915 turns).

dracos369 the Digger (Demigod Earth Elementalist)   Turns: 2915, Time: 00:04:57

Health: -3/38      AC:  6    Str: 15    XL:     5   Next: 17%
Magic:  2/10       EV: 12    Int: 21    God:
Gold:   121        SH:  0    Dex: 14    Spells: 3/7 levels left

rFire    . . .     SeeInvis .   x - +0 long sword
rCold    . . .     Faith    .   (no shield)
rNeg     . . .     Spirit   .   m - +0 leather armour
rPois    .         Reflect  .   w - +2 helmet
rElec    .         Harm     .   (no cloak)
rCorr    .         Rampage  .   (no gloves)
Will     +....                  (no boots)
Stlth    ++........             (no amulet)
HPRegen  0.12/turn              d - +6 ring of strength
MPRegen  0.12/turn              v - ring of willpower

@: no status effects
A: high mp 1
a: no special abilities


You were on level 3 of the Dungeon.
You visited 1 branch of the dungeon, and saw 3 of its levels.

You collected 121 gold pieces.

Inventory:

Hand Weapons
 o - a +0 spear
 x - a +0 long sword (weapon)
Missiles
 b - 69 stones
Armour
 c - a +0 robe
 m - a +0 leather armour (worn)
 w - a +2 helmet (worn)
Jewellery
 d - a +6 ring of strength (left hand)
 v - a ring of willpower (right hand)
Wands
 t - a wand of acid (8)
Scrolls
 e - a scroll of enchant weapon {unknown}
 f - a scroll of fog {unknown}
 p - 2 scrolls of identify {unknown}
 r - a scroll of magic mapping {unknown}
 s - a scroll of blinking {unknown}
 u - a scroll of teleportation {unknown}
Potions
 a - a potion of cancellation {unknown}
 g - a potion of curing {unknown}
 h - 3 potions of mutation {unknown}
 i - a potion of attraction {unknown}
 j - a potion of might {unknown}
 k - a potion of ambrosia {unknown}
 l - a potion of lignification {unknown}
 n - a potion of degeneration {unknown}
 q - 2 potions of heal wounds {unknown}


   Skills:
 + Level 1.4 Armour
 - Level 1.7 Dodging
 - Level 1.7 Stealth
 - Level 1.7 Spellcasting
 + Level 1.3 Conjurations
 - Level 0.8 Transmutations
 * Level 5.0 Earth Magic


You had 3 spell levels left.
You knew the following spells:

 Your Spells              Type           Power        Failure   Level
a - Sandblast             Erth           46%          2%          1
b - Stone Arrow           Conj/Erth      30%          16%         3

Your spell library contained the following spells:

 Spells                   Type           Power        Failure   Level
 Passwall                 Tmut/Erth      11%          9%          2
 Magic Dart               Conj           28%          11%         1
 Blink                    Tloc           N/A          28%         2
 Call Imp                 Summ           1%           28%         2
 Slow                     Hex            1%           28%         2
 Conjure Flame            Conj/Fire      4%           38%         3
 Mephitic Cloud           Conj/Pois/Air  3%           43%         3
 Petrify                  Tmut/Erth      14%          50%         4
 Lee's Rapid Deconstruct  Erth           11%          54%         5


Dungeon Overview and Level Annotations

Branches:
Dungeon (3/15)


Innate Abilities, Weirdness & Mutations

You have an increased reservoir of magic. (+10% MP)


Message History

The worm is almost dead.
Something hits you.
The blast of sand hits the worm!
You kill the worm!
You hear some strange, mumbled words.
A magic dart appears from out of thin air!
The magic dart hits you.
You are too injured to fight recklessly!
Casting: Sandblast (safe; 2% risk of failure)
Confirm with . or Enter, or press ? or * to list all spells.
Aiming: Sandblast (safe; 2% risk of failure)
Press: ? - help, Shift-Dir - straight line You miscast Sandblast.
You are very lightly contaminated with residual magic.
Nothing appears to happen.
You hear some strange, mumbled words.
A magic dart appears from out of thin air!
The magic dart hits you but does no damage.
You hit something. Something hits you but does no damage.
You barely miss something.
Something hits you but does no damage. x2
You hit something. Something hits you but does no damage.
You miss something.
Something hits you but does no damage. x2
You hit something. Something hits you but does no damage.
Your magical contamination has completely faded away.
You closely miss something.
You hear some strange, mumbled words.
A puff of flame appears from out of thin air!
The puff of flame hits you!
You miss something.
You hear some strange, mumbled words.
A magic dart appears from out of thin air!
The magic dart hits you.
* * * LOW HITPOINT WARNING * * *
Something hits you.
* * * LOW HITPOINT WARNING * * *
You miss something.
You hear some strange, mumbled words.
A magic dart appears from out of thin air!
The magic dart hits you.
You die...

###....# #....# .#
####'#.# .# ..##.#.#
#.# ..##.#.# .>#
..##.#.# ..# ...#)#.#
..#
...#.#.#############..#
...'.#..........@{..†.#
...##################.#
....................# #
..#################.#
..'†...#........#...#
..####.#.######.#.###
.....#.#.######<#.#
††#.##.#.##.....#.#
..#.##.#.##.#####.#


There were no monsters in sight!

Vanquished Creatures
  A howler monkey (D:2)
  A centaur skeleton (D:3)
  7 adders
  2 worms
  A dart slug (D:2)
  3 orcs (D:3)
  2 giant cockroaches
  6 goblins
  4 hobgoblins
  4 jackals (D:2)
  3 kobolds
  A quokka (D:2)
  6 bats
  5 frilled lizards
  9 rats
55 creatures vanquished.

Notes
Turn   | Place    | Note
-------+----------+-------------------------------------------
     0 | D:1      | dracos369 the Demigod Earth Elementalist began the quest
                  | for the Orb.
     0 | D:1      | Reached XP level 1. HP: 14/14 MP: 5/5
    42 | D:1      | Reached skill level 3 in Earth Magic
   509 | D:1      | Reached XP level 2. HP: 20/20 MP: 5/7
  1016 | D:2      | Reached XP level 3. HP: 19/26 MP: 2/8
  1168 | D:2      | Reached skill level 4 in Earth Magic
  1536 | D:2      | Learned a level 3 spell: Stone Arrow
  1563 | D:2      | Found a faded altar of an unknown god.
  1924 | D:2      | Reached XP level 4. HP: 26/33 MP: 5/9
  2180 | D:3      | Reached skill level 1 in Armour
  2180 | D:3      | Reached skill level 1 in Conjurations
  2378 | D:3      | Reached XP level 5. HP: 38/38 MP: 6/10
  2609 | D:3      | Reached skill level 5 in Earth Magic
  2915 | D:3      | Killed from afar by an orc wizard

Illustrated notes

Levels and vault maps discovered:
D:1:      amcnicky_arrival_gap_in_the_tavern_cellar, layout_basic,
          serial_forest, infiniplex_forest_corner_2,
          infiniplex_forest_end_double, infiniplex_forest_straight_4,
          infiniplex_forest_diagonal, infiniplex_forest_zigzag_1,
          infiniplex_forest_end_double, infiniplex_forest_straight_2,
          hangedman_decor_riveting
D:2:      layout_basic, chequers_ecumenical_altar_twisty, bh_walls_and_bars
D:3:      layout_basic

Skill      XL: |  1  2  3  4  5 |
---------------+----------------+-----
Earth Magic    | 3 4 5 |  5.0
Armour         | 1 |  1.4
Conjurations   | 1 |  1.3
Dodging        | |  1.7
Stealth        | |  1.7
Spellcasting   | |  1.7
Transmutations | |  0.8

Action                   |  1- 3 |  4- 6 || total
-------------------------+-------+-------++-------
Melee: Club              |     8 |       ||     8
       Spear             |     1 |     1 ||     2
       Long sword        |       |    10 ||    10
 Cast: Sandblast         |    51 |    36 ||    87
 Stab: Sleeping          |     3 |       ||     3
Armor: Robe              |     6 |       ||     6
       Leather armour    |       |     8 ||     8
Dodge: Dodged            |    18 |     6 ||    24

Table legend: (Time is in decaauts)
 A = Elapsed time spent in this place.
 B = Non-inter-level travel time spent in this place.
 C = Inter-level travel time spent in this place.
 D = Time resting spent in this place.
 E = Time spent auto-exploring this place.
 F = Levels seen in this place.
 G = Mean time per level.
                   A        B        C        D        E       F      G
               +--------+--------+--------+--------+--------+-----+--------+
         Total |   2918 |   2904 |     14 |    305 |   2269 |   3 |  972.7 |
       Dungeon |   2918 |   2904 |     14 |    305 |   2269 |   3 |  972.7 |
               +--------+--------+--------+--------+--------+-----+--------+

Top non-repeatable levels by time:
     D:2: 1178 daAuts
     D:1: 892 daAuts
     D:3: 847 daAuts
